 Dungeon Crawl Stone Soup version 0.28.0-53-g5a82cb258f (webtiles) character file.

Game seed: 17283664638808639869

56 gobodom the Stinger (level 3, -4/26 HPs)
             Began as a Demonspawn Venom Mage on June 10, 2022.
             Killed from afar by Sigmund (13 damage)
             ... with a puff of flame
             ... on level 2 of the Dungeon.
             The game lasted 00:09:07 (2528 turns).

gobodom the Stinger (Demonspawn Venom Mage)         Turns: 2528, Time: 00:09:07

Health: -4/26      AC:  4    Str: 14    XL:     3   Next: 69%
Magic:  2/6        EV: 12    Int: 18    God:
Gold:   55         SH:  0    Dex: 13    Spells: 3/6 levels left

rFire   . . .      SeeInvis .   n - +0 short sword
rCold   . . .      Faith    .   (no shield)
rNeg    . . .      Spirit   .   a - +0 robe
rPois   .          Reflect  .   (no helmet)
rElec   .          Harm     .   (no cloak)
rCorr   .          Rampage  .   (no gloves)
Will    .....                   (no boots)
Stlth   +.........              (no amulet)
HPRegen 0.08/turn               i - +6 ring of strength
MPRegen 0.10/turn               (no ring)

@: confused
A: slimy green scales 1
a: no special abilities


You were on level 2 of the Dungeon.
You visited 1 branch of the dungeon, and saw 2 of its levels.

You collected 55 gold pieces.

Inventory:

Hand Weapons
 n - a +0 short sword (weapon)
Missiles
 b - 2 poisoned darts (quivered)
Armour
 a - a +0 robe (worn)
Jewellery
 d - a +4 ring of protection
 i - a +6 ring of strength (left hand)
Scrolls
 e - a scroll of acquirement {unknown}
 f - a scroll of teleportation {unknown}
 g - a scroll of fog {unknown}
 h - a scroll of holy word {unknown}
 j - a scroll of identify {unknown}
 k - a scroll of silence {unknown}
Potions
 c - 2 potions of ambrosia {unknown}
 l - a potion of magic {unknown}
 m - a potion of heal wounds {unknown}


   Skills:
 + Level 1.0 Fighting
 + Level 0.5 Armour
 + Level 1.9 Dodging
 + Level 2.0 Stealth
 + Level 0.5 Unarmed Combat
 + Level 2.2 Spellcasting
 + Level 1.2 Transmutations
 + Level 3.6 Poison Magic


You had 3 spell levels left.
You knew the following spells:

 Your Spells              Type           Power      Damage    Failure   Level
a - Sting                 Tmut/Pois      40%        1d5       6%          1
b - Poisonous Vapours     Pois/Air       16%        N/A       13%         2

Your spell library contained the following spells:

 Spells                   Type           Power      Damage    Failure   Level
 Mephitic Cloud           Conj/Pois/Air  6%         N/A       32%         3
 Olgreb's Toxic Radiance  Pois           15%        N/A       36%         4


Dungeon Overview and Level Annotations

Branches:
Dungeon (2/15)

Altars:

Annotations:
D:2 Sigmund


Innate Abilities, Weirdness & Mutations

You are partially covered in slimy green scales. (AC +2)


Message History

Poisonous vapours surround Sigmund!
Sigmund looks even sicker.
Casting: Poisonous Vapours (safe; 13% risk of failure)
Confirm with . or Enter, or press ? or * to list all spells.
Aiming: Sting (safe; 7% risk of failure)
Press: ? - help, Shift-Dir - straight line, f/p - Sigmund
Aim: Sigmund, wielding a +0 scythe and wearing a +0 robe (lightly wounded, very poisoned, 68% to hit)
The sting hits Sigmund.
Sigmund looks even sicker.
Sigmund is lightly wounded.
Sigmund points at you and mumbles some strange words.
You are confused.
Sigmund casts a spell at you. The magic dart hits you!
You see here a +0 plate armour.
You bump into the rock wall.
You feel less confused.
Sigmund mumbles some strange words.
Sigmund flickers and vanishes!
Deactivating autopickup; reactivate with Ctrl-A.
Casting: Sting (safe; 7% risk of failure)
Confirm with . or Enter, or press ? or * to list all spells.
Aiming: Poisonous Vapours (safe; 13% risk of failure)
Press: ? - help, Dir - move target, f - frilled lizard
Aim: a frilled lizard Poisonous vapours surround the frilled lizard!
The frilled lizard is poisoned.
A magic dart appears from out of thin air!
The magic dart hits you.
Casting: Poisonous Vapours (safe; 13% risk of failure)
Confirm with . or Enter, or press ? or * to list all spells.
You don't have enough magic to cast this spell.
You feel a bit more experienced.
Found a stone staircase leading down.
A magic dart appears from out of thin air!
The magic dart hits you!
You are confused.
You bump into the rock wall.
A puff of flame appears from out of thin air!
The puff of flame hits you!
Ouch! That really hurt!
You die...

#.# #.# ### ### ##.##
#.# #.. ###
#...######## #.. ...
..# #........... ###
#### #.#####...########
###..........#
...####.....#
#.####.....#
#...{......#
###.###@####.....######
.....>..# #.....##...#
######### ###........#
###.##...# ...###.##
##### #.# #.# #[# #l#


There were no monsters in sight!

Vanquished Creatures
  An iguana (D:2)
  A worm (D:2)
  2 ball pythons (D:1)
  4 endoplasms
  3 giant cockroaches (D:1)
  2 hobgoblins
  2 jackals (D:2)
  2 quokkas (D:1)
  A bat (D:2)
  2 frilled lizards
  A kobold (D:2)
  6 rats (D:1)
27 creatures vanquished.

Notes
Turn   | Place    | Note
-------+----------+-------------------------------------------
     0 | D:1      | gobodom the Demonspawn Venom Mage began the quest for the
                  | Orb.
     0 | D:1      | Reached XP level 1. HP: 13/13 MP: 3/3
   923 | D:1      | Gained mutation: You are partially covered in slimy green
                  | scales. (AC +2) [demonic ancestry]
   923 | D:1      | Reached XP level 2. HP: 18/19 MP: 0/5
  1233 | D:1      | Reached skill level 1 in Transmutations
  1825 | D:2      | HP: 1/20 [iguana (3)]
  1828 | D:2      | Reached XP level 3. HP: 2/25 MP: 2/6
  1831 | D:2      | Learned a level 2 spell: Poisonous Vapours
  2328 | D:2      | Reached skill level 1 in Fighting
  2497 | D:2      | Noticed Sigmund
  2528 | D:2      | Killed from afar by Sigmund

Illustrated notes

Levels and vault maps discovered:
D:1:      lemuel_arrival_cross, layout_loops_corners
D:2:      layout_loops_ring, ebering_ecumenical_altar_hall, uniq_sigmund

Skill      XL: |  1  2  3 |
---------------+----------+-----
Transmutations | 1 |  1.2
Stealth        | 2 |  2.0
Fighting       | 1 |  1.0
Armour         | |  0.5
Dodging        | |  1.9
Unarmed Combat | |  0.5
Spellcasting   | |  2.2
Poison Magic   | |  3.6

Action                   || total
-------------------------++-------
Melee: Unarmed           ||    46
       Short sword       ||     2
 Cast: Sting             ||    41
       Poisonous Vapours ||    11
  Use: Scroll            ||     1
 Stab: Sleeping          ||     1
Armor: Robe              ||    11
Dodge: Dodged            ||    27
